 Dungeon Crawl Stone Soup version 0.30-a0-722-g3e6e8c874d (webtiles) character file.

Game seed: 7213497182258947259

212 ragingrage the Skirmisher (level 5, -1/41 (43) HPs)
             Began as a Gnoll Hunter on Jan 27, 2023.
             Slain by an ice beast (14 damage)
             ... on level 4 of the Dungeon.
             The game lasted 00:02:24 (2508 turns).

ragingrage the Skirmisher (Gnoll Hunter)            Turns: 2508, Time: 00:02:24

HP:   -1/41 (43)    AC:  3    Str: 11    XL:     5   Next: 90%
MP:   7/7           EV: 14    Int:  8    God:
Gold: 184           SH:  0    Dex: 17    Spells: 2/7 levels left

rFire   . . .      SeeInvis .    a - +0 shortbow
rCold   . . .      Faith    .    (shield currently unavailable)
rNeg    . . .      Spirit   .    c - +0 leather armour
rPois   .          Reflect  .    (no helmet)
rElec   .          Harm     .    (no cloak)
rCorr   .          Rampage  .    (no gloves)
Will    .....                    (no boots)
Stlth   ++                       (no amulet)
HPRegen 0.26/turn                (no ring)
MPRegen 0.10/turn                (no ring)

@: lightly drained
A: fangs 1, strong nose, distributed training
a: no special abilities


You were on level 4 of the Dungeon.
You visited 1 branch of the dungeon, and saw 4 of its levels.

You collected 184 gold pieces.

Inventory:

Hand Weapons
 a - a +0 shortbow (weapon)
 b - a +0 dagger of draining
Missiles
 o - 11 poisoned darts
Armour
 c - a +0 leather armour (worn)
Scrolls
 e - 5 scrolls of identify
 g - 3 scrolls of fear
 j - a scroll of magic mapping
 l - a scroll of blinking {unknown}
 n - a scroll of summoning {unknown}
 q - 2 scrolls of immolation
Potions
 d - a potion of magic
 f - a potion of curing {unknown}
 i - a potion of resistance {unknown}
 m - a potion of brilliance {unknown}
 p - a potion of haste {unknown}


   Skills:
 + Level 4.9 Fighting
 + Level 1.7 Short Blades
 + Level 1.7 Long Blades
 + Level 1.7 Axes
 + Level 1.7 Maces & Flails
 + Level 1.7 Polearms
 + Level 1.7 Staves
 + Level 8.7 Ranged Weapons
 + Level 1.7 Throwing
 + Level 1.7 Armour
 + Level 4.9 Dodging
 + Level 2.9 Stealth
 + Level 1.7 Shields
 + Level 1.7 Unarmed Combat
 + Level 1.7 Spellcasting
 + Level 1.3 Conjurations
 + Level 1.3 Hexes
 + Level 1.3 Summonings
 + Level 1.3 Necromancy
 + Level 1.3 Translocations
 + Level 1.3 Transmutations
 + Level 1.3 Fire Magic
 + Level 1.3 Ice Magic
 + Level 1.3 Air Magic
 + Level 1.3 Earth Magic
 + Level 1.3 Poison Magic
 + Level 2.0 Invocations
 + Level 1.7 Evocations


You had 2 spell levels left.
You knew the following spells:

 Your Spells              Type           Power      Damage    Failure   Level
a - Poisonous Vapours     Pois/Air       4%         N/A       38%         2
b - Mephitic Cloud        Conj/Pois/Air  2%         N/A       63%         3

Your spell library contained the following spells:

 Spells                   Type           Power      Damage    Failure   Level
 Cigotuvi's Dreadful Rot  Necr/Pois/Air  4%         N/A       38%         2


Dungeon Overview and Level Annotations

Branches:
Dungeon (4/15)
 Temple: D:4-7

Altars:
Dithmenos
Makhleb
Ru
Yredelemnul
Zin

Shops:
D:1 =


Innate Abilities, Weirdness & Mutations

You have very sharp teeth.
Your uncanny sense of smell can sniff out nearby items.
Your experience applies equally to all skills.


Message History

You feel sick.
q - a +0 dagger of draining You feel sick.
You are no longer poisoned.
Okay, then.
You drop a +0 short sword.
You start resting.
HP restored.
Adjust (i)tems, (s)pells, or (a)bilities?
q - a +0 dagger of draining Adjust to which letter? (? for menu, Esc to quit)
b - a +0 dagger of draining;
q - 2 scrolls of immolation A kobold comes into view.
It is wielding a +0 club.
A kobold is nearby!
A kobold is nearby!
A kobold is nearby!
You shoot an arrow. The arrow hits the kobold.
You kill the kobold!
No target in view!
No target in view!
No target in view!
An ice beast comes into view.
Found a There-And-Back Book.
The ice beast moves out of view.
No target in view!
Found a book of Burglary.
You shoot an arrow. The arrow barely misses the ice beast.
You shoot an arrow. The arrow hits the ice beast!
The ice beast is moderately wounded.
You shoot an arrow. The arrow barely misses the ice beast.
The ice beast hits you. The ice beast freezes you!
Okay, then.
As you read the scroll labelled ZIW ELYH NAD, it crumbles to dust.
You feel aware of your surroundings.
You sensed 1 altar.
It was a scroll of magic mapping.
The ice beast barely misses you.
As you read the scroll labelled XETEASHRAVYPP, it crumbles to dust.
You hear a loud clanging noise!
It was a scroll of noise.
The ice beast hits you. The ice beast freezes you!
It was a potion of magic.
Magic courses through your body. The ice beast hits you.
The ice beast freezes you!
You die...

**,..........#######,*##*
*,,........### *,,,,*
*,,........######*,,,,*
,,,..####.......#*,,,,**
,,,.,+..........#*,,,,,*
,,,,,#####......#*****,*
,***,* #......######.#
,**,,****#.............#*
,**,,,,.........@.......*
***,,,.....##+##Y.......*
*,,,,,.....+,,*#........*
,>**,,.....**,,.........*
*,****###),,+,,........:*
*,***********,..........*
*,,,,,,,,,,,,,..#..:####*
*****,*,****,#+#*...#**
,,,,,**,*,,,,,,,,,,,,,*


You could see an ice beast.

Vanquished Creatures
  A hound (D:3)
  Terence (D:3)
  An iguana (D:3)
  An orc wizard (D:3)
  3 adders
  3 worms
  2 dart slugs
  3 orcs
  6 bats
  4 endoplasms
  5 giant cockroaches
  8 goblins
  3 hobgoblins
  3 jackals (D:2)
  8 kobolds
  2 quokkas
  2 ball pythons
  2 frilled lizards
  11 rats
69 creatures vanquished.

Notes
Turn   | Place    | Note
-------+----------+-------------------------------------------
     0 | D:1      | ragingrage the Gnoll Hunter began the quest for the Orb.
     0 | D:1      | Reached XP level 1. HP: 20/20 MP: 1/1
   117 | D:1      | Reached XP level 2. HP: 26/26 MP: 2/2
   526 | D:1      | Found Luuhucokk's Jewellery Emporium.
   644 | D:2      | Reached XP level 3. HP: 31/31 MP: 2/4
   693 | D:2      | Reached skill level 1 in Invocations
  1194 | D:2      | Reached skill level 1 in Short Blades
  1194 | D:2      | Reached skill level 1 in Long Blades
  1194 | D:2      | Reached skill level 1 in Axes
  1194 | D:2      | Reached skill level 1 in Maces & Flails
  1194 | D:2      | Reached skill level 1 in Polearms
  1194 | D:2      | Reached skill level 1 in Staves
  1194 | D:2      | Reached skill level 1 in Throwing
  1194 | D:2      | Reached skill level 1 in Armour
  1194 | D:2      | Reached skill level 1 in Shields
  1194 | D:2      | Reached skill level 1 in Unarmed Combat
  1194 | D:2      | Reached skill level 1 in Spellcasting
  1194 | D:2      | Reached skill level 1 in Evocations
  1215 | D:2      | Reached XP level 4. HP: 36/38 MP: 5/5
  1255 | D:3      | Noticed Terence
  1270 | D:3      | Killed Terence
  1271 | D:3      | Reached skill level 1 in Conjurations
  1271 | D:3      | Reached skill level 1 in Hexes
  1271 | D:3      | Reached skill level 1 in Summonings
  1271 | D:3      | Reached skill level 1 in Necromancy
  1271 | D:3      | Reached skill level 1 in Translocations
  1271 | D:3      | Reached skill level 1 in Transmutations
  1271 | D:3      | Reached skill level 1 in Fire Magic
  1271 | D:3      | Reached skill level 1 in Ice Magic
  1271 | D:3      | Reached skill level 1 in Air Magic
  1271 | D:3      | Reached skill level 1 in Earth Magic
  1271 | D:3      | Reached skill level 1 in Poison Magic
  1741 | D:3      | Reached XP level 5. HP: 43/43 MP: 5/7
  1767 | D:3      | Found a sacrificial altar of Ru.
  1970 | D:3      | Found a glowing silver altar of Zin.
  1970 | D:3      | Found a shadowy altar of Dithmenos.
  2093 | D:3      | Found a basalt altar of Yredelemnul.
  2275 | D:3      | Learned a level 2 spell: Poisonous Vapours
  2279 | D:3      | Learned a level 3 spell: Mephitic Cloud
  2297 | D:4      | Found a burning altar of Makhleb.
  2501 | D:4      | Noticed an ice beast
  2508 | D:4      | Slain by an ice beast

Illustrated notes

Levels and vault maps discovered:
D:1:      lemuel_arrival_rhombus, layout_loops_ring, serial_shops,
          nicolae_lakefront_shop
D:2:      layout_rooms, uniq_crazy_yiuf_cottage, uniq_sigmund
D:3:      layout_loops_corners, nicolae_ru_great_annihilating_truth,
          jmf_multi_god_temple, mainiacjoe_overflow_alcove_1,
          minmay_diced_spiral, uniq_terence
D:4:      layout_basic, old_standard_altar, mainiacjoe_overflow_paths

Skill      XL: |  1  2  3  4  5 |
---------------+----------------+-----
Invocations    | 1 2 |  2.0
Short Blades   | 1 |  1.7
Long Blades    | 1 |  1.7
Axes           | 1 |  1.7
Maces & Flails | 1 |  1.7
Polearms       | 1 |  1.7
Staves         | 1 |  1.7
Throwing       | 1 |  1.7
Armour         | 1 |  1.7
Shields        | 1 |  1.7
Unarmed Combat | 1 |  1.7
Spellcasting   | 1 |  1.7
Evocations     | 1 |  1.7
Conjurations   | 1 |  1.3
Hexes          | 1 |  1.3
Summonings     | 1 |  1.3
Necromancy     | 1 |  1.3
Translocations | 1 |  1.3
Transmutations | 1 |  1.3
Fire Magic     | 1 |  1.3
Ice Magic      | 1 |  1.3
Air Magic      | 1 |  1.3
Earth Magic    | 1 |  1.3
Poison Magic   | 1 |  1.3
Fighting       | |  4.9
Ranged Weapons | |  8.7
Dodging        | |  4.9
Stealth        | |  2.9

Action                     |  1- 3 |  4- 6 || total
---------------------------+-------+-------++-------
   Fire: Shortbow          |    71 |   121 ||   192
    Use: Scroll            |       |     3 ||     3
         Potion            |       |     1 ||     1
 Armour: Leather armour    |     4 |    16 ||    20
  Dodge: Dodged            |    13 |    37 ||    50

Table legend: (Time is in decaauts)
 A = Elapsed time spent in this place.
 B = Non-inter-level travel time spent in this place.
 C = Inter-level travel time spent in this place.
 D = Time resting spent in this place.
 E = Time spent auto-exploring this place.
 F = Levels seen in this place.
 G = Mean time per level.
                   A        B        C        D        E       F      G
               +--------+--------+--------+--------+--------+-----+--------+
         Total |   2530 |   2436 |     94 |    332 |   1690 |   4 |  632.5 |
       Dungeon |   2530 |   2436 |     94 |    332 |   1690 |   4 |  632.5 |
               +--------+--------+--------+--------+--------+-----+--------+

Top non-repeatable levels by time:
     D:3: 1122 daAuts
     D:1: 688 daAuts
     D:2: 550 daAuts
     D:4: 170 daAuts
